SL
GRAFTON MIDDIES @ PHILADELPHIA 1776 BC
09/17/2030
 
TOP OF THE 1ST
Grafton Middies batting - Pitching for Philadelphia 1776 BC : RHP William MacKnight
Pitching: RHP William MacKnight
Batting: RHB Pedro Santos 0-0: Ball
1-0: Called Strike
1-1: Reached on error, E1 (Groundball, 13)
Batting: RHB Carlos Maldonado 0-0: Swinging Strike
0-1: Called Strike
0-2: Ground out 4-3 (Groundball, 34)
Pedro Santos to second
Batting: LHB Mario Ramos 0-0: Ball
1-0: Called Strike
1-1: 2-RUN HOME RUN (Flyball, 9D), Distance : 370 ft
Pitching: LHP Pedro Garza
Batting: RHB Stefano Gaddi 0-0: Called Strike
0-1: Swinging Strike
0-2: Ball
1-2: Strikes out swinging
Batting: LHB Phil MacNamara 0-0: Ball
1-0: Foul Ball, location: 2F
1-1: Ball
2-1: Ball
3-1: Foul Ball, location: 2F
3-2: DOUBLE (Line Drive, 9LM)
Batting: SHB Leonard O'Connor 0-0: Called Strike
0-1: Foul Ball, location: 2F
0-2: Ball
1-2: DOUBLE (Groundball, 5L)
Phil MacNamara scores
Batting: RHB Eisse Cals 0-0: Ball
1-0: Ball
2-0: Called Strike
2-1: Foul Ball, location: 2F
2-2: Strikes out swinging
Top of the 1st over - 3 runs, 3 hits, 1 error, 1 left on base; Grafton 3 - Philadelphia 1776 0
BOTTOM OF THE 1ST
Philadelphia 1776 BC batting - Pitching for Grafton Middies : RHP Daniel Martínez
Pitching: RHP Daniel Martínez
Batting: LHB Cliff Aldridge 0-0: Called Strike
0-1: Hit by Pitch
Batting: LHB Manoo Satyavrat 0-0: Ball
1-0: Ball
2-0: Ball
3-0: Base on Balls
Cliff Aldridge to second
Batting: SHB Sam Quint 0-0: Fielders Choice at 2nd, 4-6 (Groundball, 4)
Cliff Aldridge to third
Batting: LHB Chase Popoff 0-0: Fly out, F9 (Flyball, 89XD)
Runner from 3rd tags up, SCORES, no throw
Batting: LHB Jeff Rutherford 0-0: Ball
1-0: Swinging Strike
1-1: Ball
2-1: Ball
3-1: Foul Ball, location: 2F
3-2: Fly out, F5 (Popup, 56S)
Bottom of the 1st over - 1 run, 0 hits, 0 errors, 1 left on base; Grafton 3 - Philadelphia 1776 1
TOP OF THE 2ND
Grafton Middies batting - Pitching for Philadelphia 1776 BC : LHP Pedro Garza
Batting: RHB Tracy Parker 0-0: Ball
1-0: Ground out U3 (Groundball, 34)
Batting: LHB Juan Caro 0-0: Foul Ball, location: 2F
0-1: SINGLE (Groundball, 4MD)
Batting: RHB Pedro Santos 0-0: Ball
1-0: Swinging Strike
1-1: Ball
2-1: Ball
3-1: Foul Ball, location: 2F
3-2: Foul Ball, location: 2F
3-2: Foul Ball, location: 2F
3-2: Foul Ball, location: 2F
3-2: Foul Ball, location: 2F
3-2: Foul Ball, location: 2F
3-2: Foul Ball, location: 2F
3-2: Foul Ball, location: 2F
3-2: Fly out, F9 (Line Drive, 9D)
Runner from 1st tags up, SAFE at 2nd
Batting: RHB Carlos Maldonado 0-0: Ball
1-0: Ball
2-0: Foul Ball, location: 2F
2-1: SINGLE (Flyball, 4D)
Juan Caro to third
Runner from 3rd tries for Home, SAFE, no throw
Batting: LHB Mario Ramos 0-0: Ball
1-0: Called Strike
1-1: Ball
2-1: Ball
3-1: Foul Ball, location: 2F
3-2: Ground out 5-3 (Groundball, 56)
Top of the 2nd over - 1 run, 2 hits, 0 errors, 1 left on base; Grafton 4 - Philadelphia 1776 1
BOTTOM OF THE 2ND
Philadelphia 1776 BC batting - Pitching for Grafton Middies : RHP Daniel Martínez
Batting: RHB John Schnatter 0-0: Swinging Strike
0-1: Called Strike
0-2: Ball
1-2: Foul Ball, location: 2F
1-2: Fly out, F9 (Flyball, 9D)
Batting: RHB Fernando Rivera 0-0: Ball
1-0: Called Strike
1-1: Swinging Strike
1-2: Hit by Pitch
Batting: RHB Kent Summey 0-0: Ball
1-0: Ball
2-0: Swinging Strike
2-1: Ball
3-1: Called Strike
3-2: Foul Ball, location: 2F
3-2: Foul Ball, location: 2F
3-2: Base on Balls
Fernando Rivera to second
Batting: LHB Juan Montés 0-0: Ball
1-0: Swinging Strike
1-1: Swinging Strike
1-2: Foul Ball, location: 2F
1-2: Strikes out swinging
Batting: LHB Cliff Aldridge 0-0: Swinging Strike
0-1: Ball
1-1: Ball
2-1: Called Strike
2-2: Fielders Choice at 2nd, 6-4 (Groundball, 6)
Bottom of the 2nd over - 0 runs, 0 hits, 0 errors, 2 left on base; Grafton 4 - Philadelphia 1776 1
TOP OF THE 3RD
Grafton Middies batting - Pitching for Philadelphia 1776 BC : LHP Pedro Garza
Batting: RHB Stefano Gaddi 0-0: Ground out 6-3 (Groundball, 6M)
Batting: LHB Phil MacNamara 0-0: Ball
1-0: Called Strike
1-1: Ground out 6-3 (Groundball, 6D)
Batting: SHB Leonard O'Connor 0-0: Fly out, F4 (Line Drive, 4)
Top of the 3rd over - 0 runs, 0 hits, 0 errors, 0 left on base; Grafton 4 - Philadelphia 1776 1
BOTTOM OF THE 3RD
Philadelphia 1776 BC batting - Pitching for Grafton Middies : RHP Daniel Martínez
Batting: LHB Manoo Satyavrat 0-0: Ball
1-0: Called Strike
1-1: Ball
2-1: Foul Ball, location: 2F
2-2: Ball
3-2: Fly out, F8 (Flyball, 78XD)
Batting: SHB Sam Quint 0-0: Ball
1-0: Ball
2-0: Swinging Strike
2-1: SINGLE (Flyball, 78S)
Batting: LHB Chase Popoff 0-0: Called Strike
0-1: Ball
1-1: Foul Ball, location: 2F
1-2: SINGLE (Line Drive, 6D)
Sam Quint to second
Batting: LHB Jeff Rutherford 0-0: Grounds into double play, 5-4-3 (Groundball, 56)
Bottom of the 3rd over - 0 runs, 2 hits, 0 errors, 1 left on base; Grafton 4 - Philadelphia 1776 1
TOP OF THE 4TH
Grafton Middies batting - Pitching for Philadelphia 1776 BC : LHP Pedro Garza
Batting: RHB Eisse Cals 0-0: SINGLE (Groundball, 34D)
Batting: RHB Tracy Parker 0-0: Ball
1-0: Grounds into double play, 4-6-3 (Groundball, 4)
Batting: LHB Juan Caro 0-0: Foul Ball, location: 2F
0-1: Ball
1-1: SINGLE (Line Drive, 8RS)
Batting: RHB Pedro Santos 0-0: Called Strike
0-1: Ball
1-1: Ball
2-1: Foul Ball, location: 2F
2-2: SINGLE (Line Drive, 4MD)
Juan Caro to second
Runner from 2nd tries for 3rd, SAFE, no throw
Pitching: RHP Bernardo Valdés
Batting: RHB Carlos Maldonado 0-0: Ball
1-0: Ball
2-0: Swinging Strike
2-1: Foul Ball, location: 2F
2-2: Ball
3-2: Foul Ball, location: 2F
3-2: Strikes out swinging
Top of the 4th over - 0 runs, 3 hits, 0 errors, 2 left on base; Grafton 4 - Philadelphia 1776 1
BOTTOM OF THE 4TH
Philadelphia 1776 BC batting - Pitching for Grafton Middies : RHP Daniel Martínez
Batting: RHB John Schnatter 0-0: Ground out 5-3 (Groundball, 56S)
Batting: RHB Fernando Rivera 0-0: Ground out 6-3 (Groundball, 6)
Batting: RHB Kent Summey 0-0: Ball
1-0: Called Strike
1-1: Swinging Strike
1-2: Strikes out swinging
Bottom of the 4th over - 0 runs, 0 hits, 0 errors, 0 left on base; Grafton 4 - Philadelphia 1776 1
TOP OF THE 5TH
Grafton Middies batting - Pitching for Philadelphia 1776 BC : RHP Bernardo Valdés
Batting: LHB Mario Ramos 0-0: Foul Ball, location: 2F
0-1: Called Strike
0-2: Ball
1-2: Ball
2-2: Ground out U3 (Groundball, 34)
Batting: RHB Stefano Gaddi 0-0: Called Strike
0-1: Swinging Strike
0-2: Strikes out swinging
Batting: LHB Phil MacNamara 0-0: Fly out, F8 (Flyball, 8LM)
Top of the 5th over - 0 runs, 0 hits, 0 errors, 0 left on base; Grafton 4 - Philadelphia 1776 1
BOTTOM OF THE 5TH
Philadelphia 1776 BC batting - Pitching for Grafton Middies : RHP Daniel Martínez
Batting: LHB Juan Montés 0-0: Ball
1-0: Foul Ball, location: 2F
1-1: Foul Ball, location: 2F
1-2: Ball
2-2: Ground out U3 (Groundball, 34)
Batting: LHB Cliff Aldridge 0-0: Ball
1-0: Ball
2-0: Ball
3-0: Called Strike
3-1: Base on Balls
Batting: LHB Manoo Satyavrat 0-0: Ball
1-0: Ball
2-0: Called Strike
2-1: Fielders Choice at 2nd, 4-6 (Groundball, 4)
Batting: SHB Sam Quint 0-0: Ball
1-0: Ball
2-0: Ball
3-0: Base on Balls
Manoo Satyavrat to second
Batting: LHB Chase Popoff 0-0: Swinging Strike
0-1: Fly out, F8 (Flyball, 8RD)
Bottom of the 5th over - 0 runs, 0 hits, 0 errors, 2 left on base; Grafton 4 - Philadelphia 1776 1
TOP OF THE 6TH
Grafton Middies batting - Pitching for Philadelphia 1776 BC : RHP Bernardo Valdés
Batting: SHB Leonard O'Connor 0-0: Foul Ball, location: 2F
0-1: Foul Ball, location: 2F
0-2: Ball
1-2: Ball
2-2: Fly out, F8 (Flyball, 8RD)
Batting: RHB Eisse Cals 0-0: Called Strike
0-1: Foul Ball, location: 2F
0-2: Ball
1-2: Ball
2-2: Strikes out swinging
Batting: RHB Tracy Parker 0-0: Called Strike
0-1: Swinging Strike
0-2: Ground out 5-3 (Groundball, 56S)
Top of the 6th over - 0 runs, 0 hits, 0 errors, 0 left on base; Grafton 4 - Philadelphia 1776 1
BOTTOM OF THE 6TH
Philadelphia 1776 BC batting - Pitching for Grafton Middies : RHP Daniel Martínez
Batting: LHB Jeff Rutherford 0-0: Ball
1-0: Ball
2-0: Ball
3-0: Called Strike
3-1: Base on Balls
Batting: RHB John Schnatter 0-0: Ball
1-0: Ball
2-0: Called Strike
2-1: Fly out, F6 (Flyball, 6MD)
Batting: RHB Fernando Rivera 0-0: Called Strike
0-1: Called Strike
0-2: Strikes out swinging
Batting: RHB Kent Summey 0-0: Ball
1-0: Fly out, F1 (Popup, P)
Bottom of the 6th over - 0 runs, 0 hits, 0 errors, 1 left on base; Grafton 4 - Philadelphia 1776 1
TOP OF THE 7TH
Grafton Middies batting - Pitching for Philadelphia 1776 BC : RHP Bernardo Valdés
Batting: LHB Juan Caro 0-0: Called Strike
0-1: Foul Ball, location: 2F
0-2: Ball
1-2: Strikes out swinging
Batting: RHB Pedro Santos 0-0: Swinging Strike
0-1: Foul Ball, location: 2F
0-2: Ball
1-2: Strikes out swinging
Batting: RHB Carlos Maldonado 0-0: Ball
1-0: Called Strike
1-1: Ball
2-1: Ground out 6-3 (Groundball, 6)
Top of the 7th over - 0 runs, 0 hits, 0 errors, 0 left on base; Grafton 4 - Philadelphia 1776 1
BOTTOM OF THE 7TH
Philadelphia 1776 BC batting - Pitching for Grafton Middies : RHP Daniel Martínez
Batting: LHB Juan Montés 0-0: Called Strike
0-1: Ball
1-1: Called Strike
1-2: Ball
2-2: Fly out, F6 (Popup, 4MD)
Batting: LHB Cliff Aldridge 0-0: Ball
1-0: Ball
2-0: Called Strike
2-1: Foul Ball, location: 2F
2-2: Strikes out swinging
Batting: LHB Manoo Satyavrat 0-0: Ball
1-0: Ball
2-0: Ball
3-0: Base on Balls
Batting: SHB Sam Quint 0-0: Called Strike
Manoo Satyavrat steals 2nd base
0-1: Called Strike
0-2: Strikes out looking
Bottom of the 7th over - 0 runs, 0 hits, 0 errors, 1 left on base; Grafton 4 - Philadelphia 1776 1
TOP OF THE 8TH
Grafton Middies batting - Pitching for Philadelphia 1776 BC : RHP Bernardo Valdés
Batting: LHB Mario Ramos 0-0: Called Strike
0-1: Ball
1-1: Ball
2-1: Foul Ball, location: 2F
2-2: Ball
3-2: Strikes out swinging
Batting: RHB Stefano Gaddi 0-0: Ball
1-0: Foul Ball, location: 2F
1-1: Ball
2-1: Ball
3-1: Base on Balls
Batting: LHB Phil MacNamara 0-0: Swinging Strike
0-1: Foul Ball, location: 2F
0-2: Grounds into double play, 5-4-3 (Groundball, 56)
Top of the 8th over - 0 runs, 0 hits, 0 errors, 0 left on base; Grafton 4 - Philadelphia 1776 1
BOTTOM OF THE 8TH
Philadelphia 1776 BC batting - Pitching for Grafton Middies : RHP Daniel Martínez
Batting: LHB Chase Popoff 0-0: Ball
1-0: Foul Ball, location: 2F
1-1: Foul Ball, location: 2F
1-2: Fly out, F7 (Line Drive, 78S)
Batting: LHB Jeff Rutherford 0-0: Ball
1-0: Ball
2-0: Called Strike
2-1: Ball
3-1: Base on Balls
Pitching: RHP Lynwood Matos
Batting: RHB John Schnatter 0-0: Foul Ball, location: 2F
0-1: Foul Ball, location: 2F
0-2: Ground out 5-3 (Groundball, 56S)
Jeff Rutherford to second
Batting: RHB Fernando Rivera 0-0: Ground out 5-3 (Groundball, 56)
Bottom of the 8th over - 0 runs, 0 hits, 0 errors, 1 left on base; Grafton 4 - Philadelphia 1776 1
TOP OF THE 9TH
Grafton Middies batting - Pitching for Philadelphia 1776 BC : RHP Bernardo Valdés
Batting: SHB Leonard O'Connor 0-0: Ball
1-0: Ball
2-0: Swinging Strike
2-1: Swinging Strike
2-2: Strikes out swinging
Batting: RHB Eisse Cals 0-0: Ball
1-0: Swinging Strike
1-1: Fly out, F8 (Flyball, 8LXD)
Batting: RHB Tracy Parker 0-0: Ball
1-0: Ground out 6-3 (Groundball, 6)
Top of the 9th over - 0 runs, 0 hits, 0 errors, 0 left on base; Grafton 4 - Philadelphia 1776 1
BOTTOM OF THE 9TH
Philadelphia 1776 BC batting - Pitching for Grafton Middies : RHP Lynwood Matos
Batting: RHB Kent Summey 0-0: Ball
1-0: Ball
2-0: Fly out, F8 (Flyball, 8RS)
Batting: LHB Juan Montés 0-0: Called Strike
0-1: Ground out 5-3 (Groundball, 56S)
Batting: LHB Cliff Aldridge 0-0: Foul Ball, location: 2F
0-1: Foul Ball, location: 2F
0-2: Ball
1-2: Strikes out swinging
Bottom of the 9th over - 0 runs, 0 hits, 0 errors, 0 left on base; Grafton 4 - Philadelphia 1776 1
Sunday, March 18th, 2018 - OOTP Baseball 18.8 Build 76